 Dungeon Crawl Stone Soup version 0.31-a0-210-gccc998df9b (webtiles) character file.

Game seed: 13517000909871611455

114 rabbitsville the Conjurer (level 4, -1/33 HPs)
             Began as a Hill Orc Conjurer on June 30, 2023.
             Was a Believer of Dithmenos.
             Killed from afar by an orc wizard (9 damage)
             ... with a magic dart
             ... on level 3 of the Dungeon.
             The game lasted 00:04:34 (2515 turns).

rabbitsville the Conjurer (Hill Orc Conjurer)       Turns: 2515, Time: 00:04:34

Health: -1/33      AC:  2    Str: 11    XL:     4   Next: 97%
Magic:  1/7        EV: 11    Int: 22    God:    Dithmenos [**....]
Gold:   119        SH:  0    Dex:  7    Spells: 5/8 levels left

rFire   . . .        l - +2 hand axe of the Warrior-Mage {drain, rC+ Str+2 Int+2 Dex-2}
rCold   + . .        (no shield)
rNeg    . . .        a - +0 robe
rPois   .            (no helmet)
rElec   .            (no cloak)
rCorr   .            (no gloves)
SInv    .            (no boots)
Will    .....        (no amulet)
Stlth   ++           (no ring)
HPRegen 0.25/turn    (no ring)
MPRegen 0.10/turn

%: no passive effects
@: wreathed by umbra
A: no striking features
a: Renounce Religion, Shadow Step


You were on level 3 of the Dungeon.
You worshipped Dithmenos.
Dithmenos was pleased with you.
You visited 1 branch of the dungeon, and saw 3 of its levels.

You collected 119 gold pieces.

Inventory:

Hand Weapons
 c - a +0 short sword
 l - the +2 hand axe of the Warrior-Mage (weapon) {drain, rC+ Str+2 Int+2 Dex-2}
   (You found it on level 2 of the Dungeon)

   Str:       It affects your strength (+2).
   Int:       It affects your intelligence (+2).
   Dex:       It affects your dexterity (-2).
   rC:        It protects you from cold.
Armour
 a - a +0 robe (worn)
Jewellery
 m - an amulet of guardian spirit
Wands
 o - a wand of charming (10)
Scrolls
 e - a scroll of enchant armour {unknown}
 f - 5 scrolls of blinking {unknown}
 g - a scroll of revelation {unknown}
 i - 4 scrolls of identify {unknown}
 j - 2 scrolls of teleportation {unknown}
 n - a scroll of fog {unknown}
Potions
 b - a potion of magic
 d - 4 potions of heal wounds {unknown}
 h - a potion of curing {unknown}
 k - a potion of might {unknown}


   Skills:
 + Level 2.0 Dodging
 - Level 1.5 Stealth
 * Level 2.6 Spellcasting
 * Level 5.1 Conjurations


You had 5 spell levels left.
You knew the following spells:

 Your Spells              Type           Power      Damage    Failure   Level
a - Magic Dart            Conj           100%       1d8       1%          1
b - Searing Ray           Conj           50%        2d6       2%          2

Your spell library contained the following spells:

 Spells                   Type           Power      Damage    Failure   Level
 Dazzling Flash           Conj/Hex       28%        N/A       14%         3
 Fulminant Prism          Conj/Hex       7%         3d7       41%         4
 Iskenderun's Mystic Bla  Conj/Tloc      14%        2d5       41%         4


Dungeon Overview and Level Annotations

Branches:
Dungeon (3/15)

Altars:
Dithmenos
Xom

Shops:
D:1 (=[


Message History

The searing ray hits the orc.
The orc is heavily wounded.
The searing ray hits the orc priest.
The orc priest is heavily wounded.
The searing ray misses the orc.
The searing ray hits the orc priest.
The orc priest is almost dead.
You finish channelling your searing ray.
The orc hits you with a +0 flail.
You hit the orc.
The orc is almost dead.
The orc misses you.
You hit the orc but do no damage. You drain the orc.
You kill the orc!
Dithmenos accepts your kill.
You hear some strange, mumbled words.
A puff of flame appears from out of thin air!
The puff of flame hits you!
You barely miss the orc priest.
The orc priest is almost dead.
The orc priest barely misses you.
You closely miss the orc priest.
The orc priest is almost dead.
The orc priest hits you with a +0 club. x2
You hit the orc priest. You drain the orc priest.
You kill the orc priest!
Dithmenos accepts your kill.
Your Dodging skill increases to level 2!
You miss something. Something hits you.
You miss something.
Something hits you but does no damage. x2
You closely miss something. Something hits you.
You miss something. Something hits you but does no damage.
You closely miss something. Something hits you. x2
* * * LOW HITPOINT WARNING * * *
You barely miss something. Something hits you.
* * * LOW HITPOINT WARNING * * *
You closely miss something.
You hear some strange, mumbled words.
A magic dart appears from out of thin air!
The magic dart hits you!
You die...

#####...# #...# #.# #
#...# #<[.# #.# #
##.## #>..#
######.#### ######.#
#...#####..........
.......#
#####.#.......###.###.
########
##..............###.#
#.
....###.#..#.....##.#
#.
....<........#...##.#
#.
.#..###@#..###...##.#
#.
....###{#...........#
#†
#.....)#........####
#. #..###.........##
## .. #.#######.#
#.......# #.#
#.....$.# #.#
#......o# #.#
.........# #.#


There were no monsters in sight!

Vanquished Creatures
  An orc priest (D:3)
  3 adders
  A worm (D:2)
  2 orcs (D:3)
  7 ball pythons
  8 endoplasms
  7 giant cockroaches
  3 goblins
  3 hobgoblins
  A quokka (D:3)
  5 bats
  2 frilled lizards
  5 kobolds
  3 rats
51 creatures vanquished.

Notes
Turn   | Place    | Note
-------+----------+-------------------------------------------
     0 | D:1      | rabbitsville the Hill Orc Conjurer began the quest for the
                  | Orb.
     0 | D:1      | Reached XP level 1. HP: 14/14 MP: 3/3
   139 | D:1      | Found Ariniegi's Armour Shoppe.
   142 | D:1      | Reached XP level 2. HP: 20/20 MP: 1/4
   632 | D:1      | Found Nympex's Jewellery Emporium.
   640 | D:1      | Found Zozo's Antique Weapon Shoppe.
   743 | D:1      | Found a faded altar of an unknown god.
   748 | D:1      | Prayed at the altar of an unknown god.
   748 | D:1      | Became a worshipper of Dithmenos the Shadowed
   748 | D:1      | Reached * piety under Dithmenos
   895 | D:2      | Reached XP level 3. HP: 25/26 MP: 3/6
   898 | D:2      | Learned a level 2 spell: Searing Ray
  1520 | D:2      | Identified the +2 hand axe of the Warrior-Mage {drain, rC+
                  | Str+2 Int+2 Dex-2}
  1858 | D:3      | Found a shimmering altar of Xom.
  1909 | D:3      | Reached XP level 4. HP: 33/33 MP: 1/7
  2175 | D:3      | Reached ** piety under Dithmenos
  2502 | D:3      | Reached skill level 5 in Conjurations
  2515 | D:3      | Killed from afar by an orc wizard

Illustrated notes

Levels and vault maps discovered:
D:1:      psy_arrival_basics, layout_rooms, serial_shops,
          nicolae_shop_rolling_square, shop, nicolae_shop_tiny_glass,
          ebering_ecumenical_altar_box
D:2:      layout_loops_ring
D:3:      layout_loops_cross, xom_teletrap_fun

Skill      XL: |  1  2  3  4 |
---------------+-------------+-----
Spellcasting   | 2 |  2.6
Conjurations   | 5 |  5.1
Dodging        | 2 |  2.0
Stealth        | |  1.5

Action                     |  1- 3 |  4- 6 || total
---------------------------+-------+-------++-------
  Melee: Short sword       |    16 |       ||    16
         Hand axe          |     1 |    12 ||    13
   Cast: Magic Dart        |    68 |    20 ||    88
         Searing Ray       |     1 |     1 ||     2
 Armour: Robe              |     1 |     6 ||     7
  Dodge: Dodged            |    14 |     8 ||    22

Table legend: (Time is in decaauts)
 A = Elapsed time spent in this place.
 B = Non-inter-level travel time spent in this place.
 C = Inter-level travel time spent in this place.
 D = Time resting spent in this place.
 E = Time spent auto-exploring this place.
 F = Levels seen in this place.
 G = Mean time per level.
                   A        B        C        D        E       F      G
               +--------+--------+--------+--------+--------+-----+--------+
         Total |   2517 |   2425 |     92 |      0 |   2119 |   3 |  839.0 |
       Dungeon |   2517 |   2425 |     92 |      0 |   2119 |   3 |  839.0 |
               +--------+--------+--------+--------+--------+-----+--------+

Top non-repeatable levels by time:
     D:2: 890 daAuts
     D:1: 871 daAuts
     D:3: 755 daAuts
